 Dungeon Crawl Stone Soup version 0.25.1-2-g60ff931df9 (webtiles) character file.

Game seed: 13106164516153534001

186361 OdinFK the Warrior (level 17, -11/158 HPs)
             Began as a White Draconian Air Elementalist on Oct 31, 2020.
             Was a High Priest of Sif Muna.
             Killed from afar by a lich (72 damage)
             ... with an iron shot
             ... on level 1 of the Vaults on Nov 2, 2020.
             The game lasted 04:57:35 (35025 turns).

OdinFK the Warrior (DrAE)                          Turns: 35025, Time: 04:57:35

Health: -11/158    AC: 16    Str: 22    XL:     17   Next: 43%
Magic:  12/41      EV: 17    Int: 21    God:    Sif Muna [*****.]
Gold:   3329       SH:  7    Dex: 13    Spells: 0/38 levels left

rFire    + . .     SeeInvis +   E - +9 spear (freeze)
rCold    + . .     Gourm    .   H - +2 buckler {rF+}
rNeg     . . .     Faith    .   (armour unavailable)
rPois    .         Spirit   .   (helmet restricted)
rElec    .         Reflect  .   O - +1 cloak
rCorr    .         Harm     .   k - +2 pair of gloves
MR       +....     Rnd*Rage +   Q - +1 pair of boots
Stlth    +.........             n - amulet of magic regeneration
HPRegen  0.36/turn              K - ring "Ollinarch" {MP+9 Str+3 SInv}
MPRegen  0.52/turn              Y - +6 ring of strength

@: about to teleport, heavily drained
A: breathe frost, unfitting armour, stinger 1, talons 1, berserk 1, cold
resistance 1, strong 1, cold-blooded, AC +9
}: 1/15 runes: barnacled
a: Breathe Frost, Channel Magic, Forget Spell, Divine Exegesis, Renounce
Religion


You were on level 1 of the Vaults.
You worshipped Sif Muna.
Sif Muna was extremely pleased with you.
You were not hungry.

You visited 6 branches of the dungeon, and saw 30 of its levels.
You also visited: Sewer, Bailey and Ice Cave.

You collected 3329 gold pieces.

Inventory:

Hand Weapons
 E - a +9 spear of freezing (weapon)
Missiles
 h - 54 poisoned darts
 i - 16 javelins
 l - 9 curare-tipped darts
 C - 74 boomerangs (quivered)
 G - 4 silver boomerangs
 P - 7 silver javelins
Armour
 k - a +2 pair of gloves (worn)
 H - a +2 buckler of fire resistance (worn)
 O - a +1 cloak (worn)
 Q - a +1 pair of boots (worn)
Magical Staves
 L - an uncursed staff of cold
Jewellery
 n - an amulet of magic regeneration (around neck)
 D - an uncursed ring of protection from fire
 K - the ring "Ollinarch" (left hand) {MP+9 Str+3 SInv}
   (You found it in an ice cave)

   [ring of magical power]

   It affects your strength (+3).
   It affects your magic capacity (+9).
   It lets you see invisible.
 R - an uncursed ring of positive energy
 U - an uncursed ring of protection from cold
 X - a cursed amulet of inaccuracy {unknown}
 Y - a +6 ring of strength (right hand)
Wands
 g - a wand of iceblast (36)
 q - a wand of paralysis (1)
 y - a wand of digging (10)
 N - a wand of flame (47)
 S - a wand of clouds (3)
 W - a wand of acid (11)
Scrolls
 d - 3 scrolls of silence
 f - a scroll of holy word {unknown}
 j - a scroll of summoning
 s - 3 scrolls of fear
 t - 10 scrolls of teleportation
 u - 18 scrolls of remove curse
 x - 8 scrolls of blinking
 I - 2 scrolls of magic mapping
 J - 3 scrolls of fog
 V - 2 scrolls of vulnerability {unknown}
Potions
 a - a potion of magic {unknown}
 c - 3 potions of curing
 e - 6 potions of flight
 m - 7 potions of might
 o - 7 potions of brilliance
 p - 5 potions of cancellation
 w - 9 potions of heal wounds
 z - a potion of ambrosia
 A - 4 potions of haste
 T - 5 potions of mutation
 Z - 3 potions of invisibility {unknown}
Miscellaneous
 r - a phial of floods
 B - 2 phantom mirrors
 F - a box of beasts
 M - a lightning rod (4/4)
Comestibles
 b - 45 rations


   Skills:
 - Level 16.0(14.3) Fighting
   Level 2.0(0.8) Long Blades
 - Level 6.0(4.6) Polearms
 - Level 3.0(1.8) Throwing
 + Level 10.4(8.9) Dodging
 - Level 1.7(0.6) Stealth
 + Level 5.4(4.1) Shields
 + Level 11.0(9.5) Spellcasting
 + Level 11.0(9.5) Conjurations
 - Level 1.0(0.0) Charms
 - Level 6.0(4.6) Summonings
 - Level 2.0(0.8) Necromancy
 + Level 13.3(11.8) Ice Magic
 - Level 13.0(11.4) Air Magic
 - Level 5.0(3.7) Invocations
 - Level 4.0(2.7) Evocations


You couldn't memorise any spells.
You knew the following spells:

 Your Spells              Type           Power        Failure   Level  Hunger
a - Hailstorm             Conj/Ice       ######..     1%          4    ##.....
b - Swiftness             Chrm/Air       ####....     1%          2    None
c - Static Discharge      Conj/Air       ######..     1%          3    None
d - Airstrike             Air            ######....   1%          4    ##.....
e - Lightning Bolt        Conj/Air       ######....   2%          5    ####...
f - Animate Skeleton      Necr           N/A          4%          1    None
g - Freezing Cloud        Conj/Ice/Air   ######....   12%         6    ######.
h - Mephitic Cloud        Conj/Pois/Air  #####...     1%          3    None
i - Summon Ice Beast      Ice/Summ       #####...     2%          4    ##.....
j - Conjure Ball Lightni  Conj/Air       ######....   14%         6    ######.

Your spell library contained the following spells:

 Spells                   Type           Power        Failure   Level  Hunger
 Foxfire                  Conj/Fire      ####         1%          1    None
 Magic Dart               Conj           ####         1%          1    None
 Shock                    Conj/Air       ####         1%          1    None
 Summon Butterflies       Summ           ####....     1%          1    None
 Summon Small Mammal      Summ           ####         1%          1    None
 Call Imp                 Summ           ####....     1%          2    None
 Corpse Rot               Necr/Air       N/A          1%          2    None
 Poisonous Vapours        Pois/Air       ####..       1%          2    None
 Searing Ray              Conj           ######       1%          2    None
 Conjure Flame            Conj/Fire      ####....     3%          3    None
 Dazzling Flash           Conj/Hex       ####..       3%          3    None
 Stone Arrow              Conj/Erth      ####..       3%          3    None
 Apportation              Tloc           #.....       7%          1    None
 Corona                   Hex            #......      7%          1    None
 Infusion                 Chrm           #...         7%          1    None
 Sublimation of Blood     Necr           ##........   8%          2    None
 Recall                   Summ/Tloc      N/A          8%          3    None
 Summon Guardian Golem    Hex/Summ       ###.....     8%          3    None
 Fulminant Prism          Conj/Hex       ####......   10%         4    ##.....
 Iskenderun's Mystic Bla  Conj/Tloc      ####....     10%         4    ##.....
 Sticky Flame             Conj/Fire      ####....     10%         4    ##.....
 Blink                    Tloc           N/A          11%         2    None
 Slow                     Hex            #.......     11%         2    None
 Silence                  Hex/Air        ####......   19%         5    ####...
 Inner Flame              Hex/Fire       #.......     21%         3    None
 Lesser Beckoning         Tloc           #.........   21%         3    None
 Portal Projectile        Hex/Tloc       #.....       21%         3    None
 Spectral Weapon          Hex/Chrm       #.......     21%         3    None
 Teleport Other           Tloc           #.......     21%         3    None
 Tukima's Dance           Hex            #.......     21%         3    None
 Fireball                 Conj/Fire      ####......   26%         5    ####...
 Irradiate                Conj/Tmut      ####......   26%         5    ####...
 Iskenderun's Battlesphe  Conj/Chrm      ####....     26%         5    ####...
 Aura of Abjuration       Summ           ####......   28%         5    ####...
 Summon Demon             Summ           ####......   28%         5    ####...
 Animate Dead             Necr           N/A          43%         4    ##.....
 Dispel Undead            Necr           ##......     43%         4    ##.....
 Bolt of Magma            Conj/Fire/Erth ###.......   45%         5    ####...
 Cause Fear               Hex            #.........   56%         4    ##.....
 Leda's Liquefaction      Hex/Erth       #.........   56%         4    ##.....
 Petrify                  Tmut/Erth      #.......     56%         4    ##.....
 Summon Forest            Summ/Tloc      ###.......   58%         5    ####...
 Summon Mana Viper        Hex/Summ       ###.....     58%         5    ####...
 Simulacrum               Ice/Necr       #####.....   61%         6    ######.
 Agony                    Necr           ##......     80%         5    ####...
 Shadow Creatures         Summ           N/A          83%         6    ######.
 Starburst                Conj/Fire      ####......   83%         6    ######.
 Borgnjor's Vile Clutch   Necr/Erth      ##........   85%         5    ####...
 Excruciating Wounds      Chrm/Necr      ##........   85%         5    ####...
 Alistair's Intoxication  Tmut/Pois      #.......     88%         5    ####...
 Spellforged Servitor     Conj/Summ      #####.....   97%         7    #######
 Dispersal                Tloc           #.........   100%        6    ######.
 Invisibility             Hex            #.......     100%        6    ######.
 Ring of Flames           Chrm/Fire      #.........   100%        7    #######
 Lehudib's Crystal Spear  Conj/Erth      ####......   100%        8    #######
 Fire Storm               Conj/Fire      ####......   100%        9    #######


Dungeon Overview and Level Annotations

Branches:
Dungeon (15/15)            Temple (1/1) D:5            Lair (6/6) D:8
 Shoals (4/4) Lair:3       Spider (0/4) Lair:4        Slime (0/5) Lair:5
    Orc (2/2) D:10         Vaults (2/5) D:14          Crypt (0/3) Vaults:2
 Depths (0/5) D:15          Sewer (visited)          Bailey (visited)
  IceCv (visited)
    Elf: Orc:2

Altars:
Ashenzari
Cheibriados
Dithmenos
Elyvilon
Fedhas
Gozag
Hepliaklqana
Kikubaaqudgha
Makhleb
Nemelex Xobeh
Okawaru
Qazlal
Ru
Sif Muna
Trog
Uskayaw
Vehumet
Wu Jian
Xom
Yredelemnul
Zin
The Shining One
Beogh
Jiyva

Shops:
D:9 *   Shoals:2 }

Annotations:
D:13 1 runed translucent door, Erymatos's ghost, journeyman MiBe
D:14 Rupert
Lair:1 1 runed translucent door, Erymatos's ghost, journeyman MiBe
Shoals:4 Ilsuiw
Orc:2 Saint Roka


Innate Abilities, Weirdness & Mutations

You can breathe waves of freezing cold.
You can buffet flying creatures when you breathe cold.
Your icy white scales are hard. (AC +9)
You cannot fit into any form of body armour.
Your flesh is cold resistant. (rC+)
You are cold-blooded and may be slowed by cold attacks.
Your tail ends in a poisonous barb.
You have sharp toenails.
You tend to lose your temper in combat.
Your muscles are strong. (Str +2)


Message History

Here: a lich (moderately damaged, slightly transparent)
An open door.
Unknown command.
The lich points at you and mumbles some strange words.
You are confused.
Your ice beast closely misses the lich.
You feel better. Something barely misses your ice beast.
Something hits your ice beast! Something barely misses your ice beast.
As you read the scroll of teleportation, it crumbles to dust.
You feel strangely unstable.
The lich points at you and mumbles some strange words.
The bolt of fire hits you!! You resist.
Your ice beast hits the lich.
Your ice beast freezes the lich.
The lich resists.
There is an open door here.
The Brimstone Fiend calls on the powers of darkness!
Your ice beast convulses!
Your body is wracked with pain!
The lich casts a spell at you. The iron shot hits you!!!!
You die...

..#.#......#..#...####..#
..#.#......#..##### ####
..#.#......#..#
..#.#......#..#
###.#......#..#
....########..#### #####
..............#..####...#
..............#..'.LY1..#
..............#.@#..##'##
..............##'##'#..#
..............##..#.#..#
..............##..####'##
..............##'##..#1.#
..............'...'..'..#
..............#.>.####..#
###########'####[## ####
# #......#


You could see a Brimstone Fiend (summoned), a lich (invisible) and a friendly
ice beast (summoned).

Vanquished Creatures
  A kraken (Shoals:2)
  A frost giant (IceCv)
  A deep elf sorcerer (Vaults:2)
  Louise (D:14)
  An orc warlord (Orc:2)
  A vault warden (Vaults:1)
  2 ironheart preservers
  2 stone giants
  Nessos (D:14)
  A merfolk javelineer (Shoals:4)
  3 merfolk impalers
  3 deep elf death magi (Vaults:2)
  A great orb of eyes (Vaults:2)
  2 yaktaur captains
  Fannar (Lair:2)
  4 vault guards
  An ice dragon (Lair:6)
  Harold (Lair:2)
  3 hydras
  Erolcha (D:9)
  5 merfolk avatars
  An alligator snapping turtle (Shoals:1)
  6 merfolk aquamancers
  3 satyrs
  3 centaur warriors
  6 two-headed ogres
  4 death yaks
  2 ogre magi
  A tengu warrior (D:15)
  2 orc high priests
  Urug (Orc:2)
  A deep elf knight (Vaults:2)
  Nergalle (Orc:2)
  A shadow wraith (Vaults:1)
  5 sea snakes
  3 unseen horrors
  A wizard (D:14)
  2 deep elf archers (Vaults:2)
  A lindwurm (Lair:6)
  3 ironbrand convokers
  11 orc knights
  Pikel (D:5)
  8 harpies
  A necromancer (Vaults:1)
  3 orc sorcerers
  3 cyclopes
  A wolf spider (Lair:4)
  7 deep elf magi
  4 ugly things
  13 fauns
  13 manticores
  Joseph (D:7)
  2 vault sentinels (Vaults:1)
  2 black mambas
  An ice statue (IceCv)
  A centaur zombie (D:15)
  6 merfolk sirens
  10 elephants
  3 torpor snails (Lair:6)
  5 spiny frogs
  2 gargoyles
  4 centaur skeletons
  4 water nymphs
  6 rime drakes
  4 yaktaurs
  4 komodo dragons
  A freezing wraith (Vaults:1)
  16 polar bears
  The ghost of lysyklops the Skirmisher, an amateur MiFi (D:6)
  7 trolls
  3 tengu conjurers (D:15)
  A jumping spider (shapeshifter) (Vaults:1)
  11 merfolk
  2 tyrant leeches (Lair:6)
  3 jumping spiders (Lair:4)
  4 wind drakes
  11 blink frogs
  8 hornets
  A queen bee (D:8)
  A slime creature (Vaults:1)
  11 hippogriffs
  A blink frog (shapeshifter) (Vaults:1)
  7 dream sheep
  5 snapping turtles
  Sigmund (D:2)
  A redback (Lair:4)
  A shadow (D:13)
  A spriggan (Lair:3)
  4 wyverns
  10 water elementals
  3 basilisks
  47 yaks
  3 hungry ghosts
  A steam dragon (D:8)
  2 vampire mosquitoes (D:15)
  A warg (Orc:2)
  3 acid dragons
  13 water moccasins
  Duvessa (D:7)
  7 porcupines
  An ogre skeleton (Vaults:1)
  A black bear (D:6)
  A swamp drake (D:10)
  38 orc warriors
  5 sky beasts
  3 slaves (D:5)
  An eye of draining (D:13)
  A phantom (D:6)
  4 ice beasts
  49 wolves
  13 ogres
  10 centaurs
  7 crocodiles
  A big kobold (D:10)
  2 nameless horrors (Shoals:4)
  9 gnoll sergeants
  15 bullfrogs
  A glowing shapeshifter simulacrum (Vaults:1)
  Dowan (D:7)
  39 killer bees
  2 scorpions
  13 wights
  2 howler monkeys (D:7)
  A quasit (D:11)
  7 crimson imps
  7 hounds
  A human simulacrum (Vaults:1)
  A jelly (D:8)
  33 orc priests
  6 gnoll shamans (Bailey)
  2 bullfrog skeletons
  43 orc wizards
  4 iguanas
  8 worker ants
  A worker ant zombie (D:8)
  25 gnolls
  12 adders
  3 shadow imps
  7 oozes
  An adder zombie (D:8)
  An adder skeleton (D:7)
  3 worms
  5 dart slugs
  3 leopard geckos
  111 orcs
  10 bats
  10 giant cockroaches
  2 goblins
  7 hobgoblins
  9 jackals
  21 kobolds
  2 ball pythons
  2 frilled lizards
  A giant cockroach zombie (D:6)
  10 rats
  A bush (Lair:2)
  A tentacle (Shoals:2)
977 creatures vanquished.

Vanquished Creatures (collateral kills)
  A vault warden (Vaults:1)
  2 ironheart preservers
  A deep elf demonologist (Vaults:2)
  A dire elephant (Lair:6)
  Snorg (D:14)
  A deep elf death mage (Vaults:2)
  2 merfolk impalers
  An ogre mage (Vaults:1)
  A vault guard (D:14)
  A hydra (Lair:6)
  A rakshasa (Vaults:2)
  2 catoblepae (Lair:6)
  A centaur warrior (Vaults:1)
  An alligator snapping turtle (Shoals:4)
  2 merfolk aquamancers (Shoals:4)
  2 two-headed ogres (Vaults:1)
  2 death yaks (Lair:6)
  5 sea snakes
  2 deep elf archers (Vaults:2)
  2 lindwurms (Lair:6)
  2 orc knights
  An orc sorcerer (Orc:2)
  4 slime creatures (Vaults:1)
  3 ugly things (Vaults:2)
  A manticore (Lair:6)
  2 elephants
  2 merfolk sirens (Shoals:4)
  A vault sentinel (Vaults:1)
  7 torpor snails
  A rime drake (Lair:6)
  A freezing wraith (Vaults:2)
  5 merfolk
  2 tyrant leeches (Lair:6)
  A troll (Orc:2)
  4 blink frogs (Lair:6)
  3 snapping turtles (Shoals:4)
  4 water elementals
  7 yaks (Lair:6)
  2 vampire mosquitoes (D:15)
  2 wargs (Orc:2)
  2 water moccasins
  8 orc warriors
  3 ogres
  A crocodile (Lair:6)
  A centaur (Shoals:4)
  A bullfrog (Lair:4)
  2 wights (D:14)
  An orc priest (Vaults:1)
  An orc wizard (D:13)
  3 oozes (Lair:5)
  14 orcs
  4 fungi
128 creatures vanquished.

Vanquished Creatures (others)
  5 wolves (IceCv)
  A crimson imp (D:5)
  A bush (D:9)
  2 fungi
  12 plants
  6 tentacles (Shoals:2)
27 creatures vanquished.

Grand Total: 1132 creatures vanquished

Notes
Turn   | Place    | Note
-------+----------+-------------------------------------------
     0 | D:1      | OdinFK the Draconian Air Elementalist began the quest for
                  | the Orb.
     0 | D:1      | Reached XP level 1. HP: 14/14 MP: 3/3
   116 | D:1      | Reached XP level 2. HP: 7/22 MP: 0/5
   164 | D:1      | Learned a level 2 spell: Swiftness
   429 | D:1      | Reached skill level 1 in Fighting
   704 | D:2      | Found a radiant altar of Vehumet.
   733 | D:2      | Found a blossoming altar of Fedhas.
   741 | D:2      | Reached XP level 3. HP: 28/28 MP: 6/6
   853 | D:2      | Found a burning altar of Makhleb.
   912 | D:2      | Learned a level 3 spell: Static Discharge
   994 | D:2      | Found a stormy altar of Qazlal.
  1040 | D:2      | Noticed Sigmund
  1090 | D:2      | Gained mutation: You tend to lose your temper in combat.
                  | [potion of mutation]
  1090 | D:2      | Gained mutation: You have sharp toenails. [potion of
                  | mutation]
  1090 | D:2      | Gained mutation: Your tail ends in a poisonous barb.
                  | [potion of mutation]
  1090 | D:2      | Gained mutation: Your muscles are strong. (Str +2) [potion
                  | of mutation]
  1095 | D:2      | Killed Sigmund
  1095 | D:2      | Reached skill level 2 in Fighting
  1095 | D:2      | Reached skill level 1 in Throwing
  1095 | D:2      | Reached XP level 4. HP: 33/36 MP: 6/8
  1095 | D:2      | Reached XP level 5. HP: 37/41 MP: 6/9
  1283 | D:2      | Reached skill level 5 in Air Magic
  1363 | D:2      | Learned a level 4 spell: Airstrike
  1466 | D:3      | Reached XP level 6. HP: 40/48 MP: 1/10
  1496 | D:3      | Found a glowing drain.
  1522 | Sewer    | Entered a sewer
  2326 | D:3      | Found a sacrificial altar of Ru.
  2358 | D:3      | HP: 1/48 [wight/cursed +4 scimitar of freezing (3)]
  2361 | D:3      | Your scales start taking on an icy white colour.
  2361 | D:3      | Reached XP level 7. HP: 36/55 MP: 5/13
  2361 | D:3      | Gained mutation: Your flesh is cold resistant. (rC+) [White
                  | Draconian growth]
  2776 | D:4      | Found a shimmering altar of Xom.
  2859 | D:4      | Reached skill level 3 in Fighting
  2968 | D:4      | Reached skill level 1 in Long Blades
  3192 | D:4      | Reached XP level 8. HP: 63/63 MP: 2/14
  3283 | D:5      | Entered Level 5 of the Dungeon
  3374 | D:5      | Noticed Pikel
  3447 | D:5      | Reached skill level 4 in Fighting
  3603 | D:5      | Killed Pikel
  3603 | D:5      | Reached skill level 5 in Spellcasting
  3690 | D:5      | Found a staircase to the Ecumenical Temple.
  3699 | Temple   | Entered the Ecumenical Temple
  3719 | Temple   | Became a worshipper of Sif Muna the Loreminder
  4205 | D:5      | Learned a level 5 spell: Lightning Bolt
  4411 | D:6      | Reached skill level 5 in Fighting
  4464 | D:6      | Reached XP level 9. HP: 46/74 MP: 8/17
  4772 | D:6      | Reached * piety under Sif Muna
  5031 | D:6      | Found a runed translucent door.
  5031 | D:6      | Noticed lysyklops's ghost (amateur MiFi)
  5188 | D:7      | Noticed Joseph
  5262 | D:7      | Noticed Duvessa
  5434 | D:7      | Noticed Dowan
  5436 | D:7      | Killed Duvessa
  5481 | D:7      | Killed Dowan
  5556 | D:7      | Found a snail-covered altar of Cheibriados.
  5572 | D:7      | Reached ** piety under Sif Muna
  5802 | D:7      | Killed Joseph
  5802 | D:7      | Reached skill level 6 in Fighting
  5802 | D:7      | Reached skill level 5 in Conjurations
  5802 | D:7      | Reached XP level 10. HP: 37/83 MP: 3/19
  6690 | D:8      | Noticed an elephant
  6885 | D:8      | Reached skill level 10 in Air Magic
  7207 | D:8      | Reached *** piety under Sif Muna
  7278 | D:8      | Killed an elephant
  7366 | D:8      | Reached skill level 7 in Fighting
  7396 | D:8      | Found a staircase to the Lair.
  7579 | D:9      | Reached skill level 1 in Charms
  7605 | D:9      | Reached skill level 1 in Evocations
  7872 | D:9      | Found Dounkuuq's Changing Room.
  7875 | D:9      | Noticed Erolcha
  7880 | D:9      | Killed Erolcha
  7880 | D:9      | Reached XP level 11. HP: 92/92 MP: 1/21
  7931 | D:9      | Found a flagged portal.
  7940 | Bailey   | Entered a bailey
  8250 | Bailey   | Reached **** piety under Sif Muna
  8583 | D:9      | Got a dazzling halberd
  8590 | D:9      | Identified the +3 halberd of Doom {flame, MR+ Str+5} (You
                  | found it on level 9 of the Dungeon)
  8605 | D:9      | Found a basalt altar of Yredelemnul.
  8681 | D:9      | Reached skill level 8 in Fighting
  8681 | D:9      | Reached skill level 1 in Polearms
  8902 | D:9      | Reached skill level 5 in Dodging
  9006 | D:10     | Entered Level 10 of the Dungeon
  9033 | D:10     | Found a hazy altar of Hepliaklqana.
  9237 | D:10     | Found a staircase to the Orcish Mines.
  9570 | D:10     | Found a white marble altar of Elyvilon.
 10057 | Lair:1   | Entered Level 1 of the Lair of Beasts
 10426 | Lair:1   | Found a runed translucent door.
 10427 | Lair:1   | Noticed Erymatos's ghost (journeyman MiBe)
 10889 | Lair:2   | Noticed a death yak
 10889 | Lair:2   | Noticed a death yak
 10890 | Lair:2   | Noticed a death yak
 11101 | Lair:2   | Reached skill level 9 in Fighting
 11105 | Lair:2   | Reached XP level 12. HP: 83/104 MP: 5/23
 11146 | Lair:2   | Found a frozen archway.
 11155 | IceCv    | Entered an ice cave
 11520 | IceCv    | Got a warped ivory ring
 11522 | IceCv    | Identified the ring "Ollinarch" {MP+9 Str+3 SInv} (You
                  | found it in an ice cave)
 11662 | IceCv    | Reached skill level 10 in Fighting
 12832 | IceCv    | Noticed a frost giant
 12844 | IceCv    | Killed a frost giant
 13088 | Lair:2   | Noticed Harold
 13267 | Lair:2   | Noticed a four-headed hydra
 13280 | Lair:2   | Killed a four-headed hydra
 13962 | D:11     | Reached XP level 13. HP: 107/115 MP: 13/25
 13978 | D:11     | Reached skill level 10 in Conjurations
 13993 | D:11     | Reached ***** piety under Sif Muna
 14031 | D:11     | Reached skill level 11 in Fighting
 14032 | D:11     | Received a gift from Sif Muna
 14039 | D:11     | Learned a level 1 spell: Animate Skeleton
 14189 | D:11     | Reached skill level 1 in Necromancy
 14503 | D:12     | Found a sparkling altar of Nemelex Xobeh.
 15673 | D:8      | Learned a level 6 spell: Freezing Cloud
 16223 | Lair:1   | Reached skill level 1 in Ice Magic
 16605 | Lair:2   | Killed Harold
 16761 | Lair:3   | Noticed Fannar
 17013 | Lair:2   | Killed Fannar
 17069 | Lair:3   | Reached skill level 12 in Fighting
 17180 | Lair:3   | Identified Sif Muna's Papyrus of Attacks (Sif Muna gifted
                  | it to you on level 3 of the Lair of Beasts)
 17180 | Lair:3   | Received a gift from Sif Muna
 17190 | Lair:3   | Learned a level 3 spell: Mephitic Cloud
 17348 | Lair:3   | Reached skill level 5 in Ice Magic
 17589 | Lair:3   | Found a staircase to the Shoals.
 18106 | Lair:4   | Found a hole to the Spider Nest.
 18318 | Lair:4   | Reached XP level 14. HP: 126/126 MP: 17/26
 19242 | Lair:5   | Found a runed translucent door.
 19243 | Lair:5   | Found a viscous altar of Jiyva.
 19245 | Lair:5   | Found a staircase to the Slime Pits.
 20234 | D:13     | Found a runed translucent door.
 20236 | D:13     | Noticed Erymatos's ghost (journeyman MiBe)
 20547 | D:14     | Noticed Snorg
 20547 | D:14     | Noticed Nessos
 20889 | D:14     | Killed Snorg
 20967 | D:14     | Found the +8 orange crystal plate armour {Archmagi, Int+3
                  | Clar}
 20987 | D:14     | Identified Sif Muna's Catalogue of Supportive Attacks (Sif
                  | Muna gifted it to you on level 14 of the Dungeon)
 20987 | D:14     | Received a gift from Sif Muna
 20997 | D:14     | Learned a level 4 spell: Summon Ice Beast
 21044 | D:14     | Noticed Rupert
 21182 | D:14     | Killed Nessos
 21182 | D:14     | Reached skill level 1 in Shields
 21646 | D:14     | Paralysed by a wizard for 2 turns
 21654 | D:14     | Noticed Louise
 21700 | D:15     | Entered Level 15 of the Dungeon
 22023 | D:15     | Reached skill level 13 in Fighting
 22328 | D:15     | Reached skill level 1 in Summonings
 22554 | D:15     | Found a staircase to the Depths.
 22974 | Orc:1    | Entered Level 1 of the Orcish Mines
 23126 | Orc:1    | Identified Sif Muna's Witchcraft, Part Four (Sif Muna
                  | gifted it to you on level 1 of the Orcish Mines)
 23126 | Orc:1    | Received a gift from Sif Muna
 23688 | Shoals:1 | Entered Level 1 of the Shoals
 23908 | Shoals:1 | Reached skill level 10 in Spellcasting
 23908 | Shoals:1 | Reached XP level 15. HP: 77/135 MP: 3/29
 24722 | Shoals:2 | Found Fuesuwk's Gadget Boutique.
 24803 | Shoals:2 | Learned a level 4 spell: Hailstorm
 24957 | Shoals:2 | Noticed a kraken
 24969 | Shoals:2 | Killed a kraken
 25202 | Shoals:1 | Reached skill level 10 in Ice Magic
 25204 | Shoals:1 | Identified Sif Muna's Incunabulum of Damage Dealing (Sif
                  | Muna gifted it to you on level 1 of the Shoals)
 25204 | Shoals:1 | Received a gift from Sif Muna
 26069 | Shoals:4 | Entered Level 4 of the Shoals
 26563 | Shoals:4 | Reached skill level 14 in Fighting
 27462 | Shoals:4 | Reached skill level 1 in Invocations
 27481 | Shoals:4 | Reached XP level 16. HP: 62/147 MP: 4/31
 27672 | Shoals:4 | Got a barnacled rune of Zot
 27703 | Shoals:4 | Noticed Ilsuiw
 27864 | Lair:6   | Entered Level 6 of the Lair of Beasts
 27956 | Lair:6   | Identified Sif Muna's Catalogue of Fire and Necromancy (Sif
                  | Muna gifted it to you on level 6 of the Lair of Beasts)
 27956 | Lair:6   | Received a gift from Sif Muna
 28027 | Lair:6   | Found a snail-covered altar of Cheibriados.
 28214 | Lair:6   | Found a runed translucent door.
 28511 | Lair:6   | Reached skill level 5 in Polearms
 29108 | Lair:6   | Reached skill level 15 in Fighting
 29851 | D:6      | Killed lysyklops's ghost
 30448 | Orc:1    | Found a roughly hewn altar of Beogh.
 30525 | Orc:2    | Entered Level 2 of the Orcish Mines
 30533 | Orc:2    | Received a gift from Sif Muna
 30669 | Orc:2    | Reached skill level 5 in Invocations
 31452 | Orc:2    | Noticed Urug
 31612 | Orc:2    | Killed Urug
 31664 | Orc:2    | Noticed Saint Roka
 31783 | Orc:2    | Noticed Nergalle
 31788 | Orc:2    | Killed Nergalle
 32195 | D:14     | Killed Louise
 32218 | D:14     | Found a gate to the Vaults.
 32330 | Vaults:1 | Entered Level 1 of the Vaults
 32650 | Vaults:1 | Identified Sif Muna's Catalogue of Warped Calling (Sif Muna
                  | gifted it to you on level 1 of the Vaults)
 32650 | Vaults:1 | Received a gift from Sif Muna
 32824 | Vaults:1 | You fall into a shaft and drop 1 floor!
 33584 | Vaults:1 | Reached XP level 17. HP: 158/158 MP: 8/32
 33648 | Vaults:1 | Reached skill level 16 in Fighting
 33754 | Vaults:1 | Reached skill level 10 in Dodging
 33848 | Vaults:1 | Reached skill level 5 in Summonings
 34574 | Vaults:2 | Noticed a lich
 34736 | Vaults:2 | Reached skill level 5 in Shields
 34783 | Vaults:2 | Identified Sif Muna's Tome of the Helpful Birds (Sif Muna
                  | gifted it to you on level 2 of the Vaults)
 34783 | Vaults:2 | Received a gift from Sif Muna
 34830 | Vaults:2 | Learned a level 6 spell: Conjure Ball Lightning
 35009 | Vaults:1 | Noticed a Brimstone Fiend
 35025 | Vaults:1 | Killed from afar by a lich

Illustrated notes

Levels and vault maps discovered:
D:1:      minmay_arrival_three_doors, layout_loops_cross
D:2:      layout_rooms, vehumet_crystals, old_standard_altar, bloody_makhleb,
          fedhas_altar_1, uniq_sigmund
D:3:      layout_basic, hangedman_ru_absence, first_ration,
          cheibrodos_sewer_entry_drain
D:4:      layout_cave_pools, lemuel_crystal_altar, minmay_small_thing
D:5:      layout_basic, minmay_temple_entry_statues, kennysheep_nondescript,
          uniq_pikel
D:6:      layout_cave_pools, ebering_ghost_reflecting_pool
D:7:      layout_layer_cave, basic_altar, kennysheep_generic_room_10,
          uniq_joseph, uniq_duvessa
D:8:      layout_loops_ring, david_lair_generic, david_nohive_1
D:9:      layout_cave_pools, nicolae_overflow_crystal_walls, enter_bailey_2,
          kb_lookout_dungeons_type, nicolae_transmutations_shop, minivault_25,
          uniq_erolcha
D:10:     layout_roguey, erik_orc_1, basic_altar, lemuel_centaur_altar
D:11:     layout_rooms
D:12:     layout_long_grid, basic_altar
D:13:     layout_basic, ebering_ghost_reflecting_pool
D:14:     layout_irregular_city, grunt_vaults_entry_fortified, minivault_26,
          chequers_serial_rivers_micro_d, uniq_snorg, uniq_rupert, uniq_louise,
          uniq_nessos
D:15:     grunt_enter_depths_snipers, layout_basic,
          chequers_serial_rivers_micro_c
Temple:   lightli_temple_of_artemis
Lair:1:   layout_chaotic_city, ebering_ghost_inner_flame
Lair:2:   layout_cave_pods, portal_ice_cave_rime, grunt_forest_small_clearings,
          minmay_hedge_maze, minivault_23, chequers_serial_rivers_micro_b,
          grunt_megastairs_4, uniq_harold
Lair:3:   wander_river, layout_regular_city, minmay_shoals_entry_beasts,
          grunt_forest_large_clearings, serial_bayou_shore_b, uniq_fannar
Lair:4:   layout_cave_pods, spider_nest_entry_funnel_web, st_stairs_11,
          minmay_lair_oklob_items, lemuel_fruit_tree
Lair:5:   layout_cave_pods, slime_altar_2, grunt_megastairs_1
Lair:6:   hangedman_lair_in_review, layout_regular_city, wormcave,
          kennysheep_snail_temple
Shoals:1: layout_shoals
Shoals:2: layout_shoals, serial_shops, shop
Shoals:3: layout_shoals
Shoals:4: shoals_end_simple, layout_shoals, shoals_ilsuiw_alternative
Orc:1:    layout_caves, basic_altar, nicolae_orc_bridge_out
Orc:2:    grunt_orc_cross, layout_diamond_mine
Vaults:1: nicolae_vaults_little_squares_1, nicolae_vaults_little_squares_6,
          st_lines, vaults_room_semicircle, grunt_vaults_swirl,
          vaults_mumra_minichess, v_alt_pattern_4, nicolae_vaults_angled_halls,
          nicolae_vaults_little_squares_1, layout_vaults_big_room
Vaults:2: hangedman_vaults_maws, v_misc_15, nicolae_vaults_network_s,
          nicolae_vaults_alarming, hangedman_vaults_locks,
          ontoclasm_vaults_spin, minmay_crypt_entry_nasty_monster,
          nicolae_vaults_windows_and_doors_thing, vaults_dpeg_spiral,
          ontoclasm_vaults_idyll, ontoclasm_vaults_gateway,
          nicolae_vaults_angled_halls, nicolae_vaults_asterisk,
          nicolae_vaults_little_squares_6, layout_vaults_maze_bifur

Skill      XL: |  1  2  3  4  5  6  7  8  9 10 11 12 13 14 15 16 17 |
---------------+----------------------------------------------------+-----
Dodging        | 2 4 6 7 8 9 10 | 10.4
Fighting       | 1 2 3 5 6 7 9 10 12 13 14 15 16 | 16.0
Throwing       | 1 2 3 |  3.0
Spellcasting   | 3 4 5 6 7 8 10 11 | 11.0
Conjurations   | 2 3 5 7 8 9 10 11 | 11.0
Air Magic      | 4 5 6 7 8 9 10 11 13 | 13.0
Long Blades    | 1 2 |  2.0
Charms         | 1 |  1.0
Evocations     | 1 2 3 4 |  4.0
Polearms       | 4 6 |  6.0
Necromancy     | 2 |  2.0
Ice Magic      | 5 8 11 12 13 | 13.3
Shields        | 4 5 |  5.4
Summonings     | 3 4 6 |  6.0
Invocations    | 1 5 |  5.0
Stealth        | |  1.7

Action                   |  1- 3 |  4- 6 |  7- 9 | 10-12 | 13-15 | 16-18 || total
-------------------------+-------+-------+-------+-------+-------+-------++-------
Melee: Hand axe          |    45 |    11 |       |       |       |       ||    56
       Tailslap          |     9 |     3 |    10 |    28 |    19 |    46 ||   115
       Trident           |       |    20 |       |       |       |       ||    20
       Great sword       |       |     8 |    83 |    38 |       |       ||   129
       Kick              |       |     5 |    26 |       |       |       ||    31
       Halberd           |       |       |       |   135 |    92 |       ||   227
       Spear             |       |       |       |       |   140 |   368 ||   508
Throw: Dart              |       |       |    14 |    22 |     9 |       ||    45
       Boomerang         |       |       |     4 |    41 |     1 |     5 ||    51
 Cast: Shock             |    33 |   101 |    66 |    32 |     6 |       ||   238
       Static Discharge  |       |     6 |     9 |     2 |    22 |    15 ||    54
       Swiftness         |       |     1 |     2 |     1 |       |       ||     4
       Airstrike         |       |     3 |    75 |   348 |   665 |   199 ||  1290
       Lightning Bolt    |       |       |       |    55 |    41 |     6 ||   102
       Animate Skeleton  |       |       |       |       |   101 |    85 ||   186
       Freezing Cloud    |       |       |       |       |    45 |    70 ||   115
       Summon Ice Beast  |       |       |       |       |    41 |   311 ||   352
       Mephitic Cloud    |       |       |       |       |     1 |     1 ||     2
       Hailstorm         |       |       |       |       |     4 |     1 ||     5
Evoke: Wand              |     3 |     1 |       |     2 |    26 |       ||    32
       Box of beasts     |       |       |       |     2 |     3 |       ||     5
       Phial of floods   |       |       |       |     2 |     1 |       ||     3
       Lightning rod     |       |       |       |       |     2 |     1 ||     3
  Use: Potion            |     3 |     1 |       |       |     3 |     2 ||     9
       Scroll            |       |     2 |     6 |     5 |    24 |     9 ||    46
 Stab: Sleeping          |     3 |       |     2 |       |       |       ||     5
       Distracted        |       |       |       |       |     5 |     9 ||    14
  Eat: Chunk             |     1 |     5 |    23 |    68 |    94 |    53 ||   244
       Ration            |       |       |       |     3 |     6 |     2 ||    11
Armor: Skin              |    15 |    26 |    42 |    89 |   125 |    69 ||   366
Dodge: Dodged            |    37 |    49 |   102 |   231 |   369 |   194 ||   982
Block: Buckler           |       |       |       |       |    87 |    75 ||   162
       Rpst.: Great sword |       |     2 |    26 |    16 |       |       ||    44
